 Dungeon Crawl Stone Soup version 0.32-a0-468-g38b2580584 (webtiles) character file.

Game seed: 4648692585358717123

120351 gimp the Black Belt (level 16, -3/87 HPs)
             Began as a Vine Stalker Shapeshifter on Feb 25, 2024.
             Was an Elder of Trog.
             Slain by a spark wasp (4 damage)
             ... on level 1 of the Spider Nest.
             The game lasted 00:50:57 (21733 turns).

gimp the Black Belt (Vine Stalker Shapeshifter)    Turns: 21733, Time: 00:50:58

Health: -3/87      AC: 10    Str: 16    XL:     16   Next: 82%
Magic:  0/17       EV: 23    Int: 10    God:    Trog [****..]
Gold:   3174       SH:  5    Dex: 23    Spells: 15/15 levels left

rFire   + +          +
                       - Unarmed
rCold   + . .        (no shield)
rNeg    . . .        A - melded +0 steam dragon scales
rPois   +            T - +1 helmet of Activism {rF++ Stlth+}
rElec   +            d - +0 cloak
rCorr   +            a - +1 pair of gloves
SInv    .            V - +0 pair of boots
Will    ++...        Z - amulet of reflection
Stlth   ++++         C - ring of poison resistance
HPRegen 1.14/turn    o - ring of the Taurataur {AC+4 Stlth+}
MPRegen 0.15/turn

%: reflection, guardian spirit
@: lethally poisoned (-3 -> -17), maw-form, resistant, marked, on berserk
cooldown
A: devouring maw, fangs 3, regeneration 1, magic shield, antimagic bite, no
potion heal 2
a: Begin Untransformation, Renounce Religion, Berserk, Trog's Hand, Brothers in
Arms


You were on level 1 of the Spider Nest.
You worshipped Trog.
Trog was greatly pleased with you.
You were a creature with a mouth for a stomach.
You visited 5 branches of the dungeon, and saw 25 of its levels.
You also visited: Trove, Ossuary, Gauntlet and Ice Cave.

You collected 4404 gold pieces.
You spent 1230 gold pieces at shops.

Inventory:

Missiles
 t - 3 curare-tipped darts
 I - 5 throwing nets
Armour
 a - a +1 pair of gloves (worn)
 d - a +0 cloak (worn)
 A - +0 steam dragon scales (melded)
 M - a +4 ring mail of willpower
 P - +0 acid dragon scales
 T - the +1 helmet of Activism (worn) {rF++ Stlth+}
   (You found it in a Gauntlet)

   rF++:      It greatly protects you from fire.
   Stlth+:    It makes you more stealthy.
 V - a +0 pair of boots (worn)
Jewellery
 e - a +4 ring of slaying
 h - a ring of flight
 k - a ring of fire
 l - a +5 ring of evasion
 o - the ring of the Taurataur (right hand) {AC+4 Stlth+}
   (You found it in a Gauntlet)

   [ring of protection]

   AC+4:      It affects your AC (+4).
   Stlth+:    It makes you more stealthy.
 p - a ring of willpower
 C - a ring of poison resistance (left hand)
 X - a ring of protection from cold
 Z - an amulet of reflection (around neck)
Talismans
 E - a flux talisman
 H - a maw talisman (active)
 Q - a serpent talisman
Wands
 z - a wand of iceblast (25)
 B - a wand of digging (6)
 D - a wand of quicksilver (18)
 G - a wand of flame (34)
 L - a wand of mindburst (8)
 O - a wand of charming (15)
Scrolls
 i - 5 scrolls of teleportation
 q - 3 scrolls of poison
 v - a scroll of blinking
 y - 5 scrolls of immolation
 F - a scroll of vulnerability
 J - 5 scrolls of enchant armour
 R - 2 scrolls of fog
 W - 2 scrolls of identify
Potions
 b - 3 potions of mutation
 c - 2 potions of attraction
 f - 3 potions of ambrosia
 g - 5 potions of haste
 j - 3 potions of cancellation
 m - 9 potions of might
 n - 5 potions of curing
 s - 2 potions of lignification
 w - 2 potions of enlightenment
 x - 3 potions of resistance
 K - a potion of invisibility
 S - a potion of berserk rage
Miscellaneous
 r - a tin of tremorstones (1/2)
 N - a phial of floods
 U - a lightning rod (inert)


   Skills:
 - Level 11.0 Fighting
 + Level 12.9 Dodging
 + Level 16.3 Unarmed Combat
 + Level 15.7 Shapeshifting


You had 15 spell levels left.
You didn't know any spells.
Your spell library contained the following spells:

 Spells                   Type           Power      Damage    Failure   Level
 Magic Dart               Conj           0%         1d3       36%         1
 Searing Ray              Conj           0%         2d4       50%         2
 Inner Flame              Hex/Fire       0%         N/A       75%         3
 Fulminant Prism          Conj/Alch      0%         3d5       98%         4
 Irradiate                Conj/Alch      0%         3d11      100%        5
 Ignition                 Fire           0%         3d3       100%        8


Dungeon Overview and Level Annotations

Branches:
Dungeon (15/15)            Temple (1/1) D:4            Lair (5/5) D:8
 Shoals (0/4) Lair:3       Spider (2/4) Lair:2        Slime (0/5) Lair:4
    Orc (2/2) D:9             Elf (0/3) Orc:2        Vaults (0/5) D:13
 Depths (0/4) D:15        Ossuary (visited)           IceCv (visited)
Gauntlet (visited)

Altars:
Ashenzari
Cheibriados
Dithmenos
Elyvilon
Fedhas
Gozag
Hepliaklqana
Kikubaaqudgha
Makhleb
Nemelex Xobeh
Okawaru
Qazlal
Ru
Sif Muna
Trog
Uskayaw
Vehumet
Wu Jian
Xom
Yredelemnul
Zin
The Shining One
Beogh
Jiyva

Shops:
D:4 ?   D:5 *   D:7 (   D:14 (   D:15 [   Orc:2 ([=*(

Annotations:
D:5 3 runed translucent doors, exclusion: 3 doors, zenocrate's ghost, weakling VSDe
Lair:5 3 runed translucent doors, exclusion: 3 doors, Puly's ghost, journeyman MDRe


Innate Abilities, Weirdness & Mutations

You are a creature with a mouth for a stomach.
Your midsection houses a second, enormous mouth.
You have razor-sharp teeth.
Your natural rate of healing is unusually fast.
When hurt, damage is shared between your health and your magic reserves.
Your bite disrupts and absorbs the magic of your enemies.
Potions cannot restore your health.


Message History

Okay, then.
Okay, then.
As you read the scroll of fear, it crumbles to dust.
You assume a fearsome visage.
The spark wasp looks frightened!
The wolf spider looks frightened!
The jumping spider looks frightened!
The jumping spider's many legs skitter faintly.
The jumping spider leaps!
The jumping spider misses you. The jumping spider barely misses you.
The jumping spider leaps!
The jumping spider misses you. x2
You regained 2 hp, and now have 41/87 hp.
The jumping spider leaps!
The jumping spider attacks as it pursues you!
The jumping spider closely misses you.
The jumping spider bites you but does no damage.
The jumping spider leaps! x2
You regained 2 hp, and now have 43/87 hp.
Unknown command.
Your surroundings suddenly seem different.
An entropy weaver and 5 spiders come into view.
Found a fizzy coppery potion and a leather armour.
The redback moves out of view.
The jumping spider moves out of view.
As you read the scroll of revelation, it crumbles to dust.
You feel aware of your surroundings. 2 redbacks and a tarantella come into view.
A tarantella comes into view. x2; A culicivora comes into view.
Cornered, the tarantella turns to fight!
A jumping spider comes into view.
The tarantella moves out of view.
Found a flail.
You regained 2 hp, and now have 46/87 hp.
A redback comes into view.
Found a stone staircase leading up.
The redback moves out of view.
You regained 2 hp, and now have 48/87 hp.
A tarantella comes into view.
You regained 2 hp, and now have 51/87 hp.
Blink to where?
Press: ? - help, Dir - move target
As you read the scroll of blinking, it crumbles to dust.
You regained 2 hp, and now have 53/87 hp.
The jumping spider leaps!
You climb upwards.
There is a stone staircase leading down here.
You regained 3 hp, and now have 56/87 hp.
You feel yourself speed up.
The spark wasp buzzes angrily.
The redback bites you.
Found a stone staircase leading down.
You block the redback's attack.
Okay, then.
Unknown command.
Unknown command.
Unknown command.
You feel protected.
Found a potion of attraction.
A malevolent force fills the Spider Nest...
With a horrendous wail, an alarm goes off!
A sentinel's mark forms upon you.
You hear a faint skittering sound.
The redback bites you. The redback attacks as it pursues you!
The redback closely misses you. You block the spark wasp's attack.
The redback barely misses you.
You take 3 damage, and have 56/87 hp.
You now have 4/17 mp.
The redback attacks as it pursues you! The redback misses you.
The redback bites you!
You take 10 damage, and have 46/87 hp.
You now have 3/17 mp.
You pummel the spark wasp!! You bite the spark wasp.
The spark wasp is heavily wounded.
The spark wasp stings you!!
* * * LOW HITPOINT WARNING * * *
The spark wasp shocks you. You resist.
* * * LOW HITPOINT WARNING * * *
The redback bites you.
* * * LOW HITPOINT WARNING * * *
You are lethally poisoned!
The redback poisons you!
You take 28 damage, and have 18/87 hp.
MASSIVE DAMAGE!!
You now have 2/17 mp.
* * * LOW HITPOINT WARNING * * *
You feel extremely sick. You block the spark wasp's attack.
You take 9 damage, and have 9/87 hp.
You hit the spark wasp but do no damage.
You bite the spark wasp!
The spark wasp's magic leaks into the air.
You drain its magic.
You feel invigorated.
Your bite misses the spark wasp.
The spark wasp is heavily wounded.
* * * LOW HITPOINT WARNING * * *
You feel very sick. The spark wasp closely misses you.
You take 4 damage, and have 5/87 hp.
You regained 10 mp, and now have 12/17 mp.
Okay, then.
Unknown command.
You pummel the spark wasp!! Your bite misses the spark wasp. x2
The spark wasp is almost dead.
* * * LOW HITPOINT WARNING * * *
You feel very sick.
The spark wasp's magic is no longer disrupted.
The spark wasp stings you!
* * * LOW HITPOINT WARNING * * *
The spark wasp shocks you. You resist.
You die...

.....##...##
.......#...#.# #
............## ..
............#
...#.......>...##.
........##s........
.^..... #..........
.......##s.........
......!Wyss........
.##.....##.........
#...#.^#..........
........##......^##
.......##.......##
...>..# .......
...... .......
.....


You could see a spark wasp and 3 redbacks.

Vanquished Creatures
  Jorgrun (D:15)
  2 orc warlords
  Azrael (D:15)
  2 minotaurs
  Snorg (Orc:2)
  A fire dragon (Lair:5)
  8 vault guards (D:13)
  The ghost of Ogoshehu the Nimble, a journeyman FeEE of Gozag (Lair:4)
  A rakshasa (D:15)
  2 hydras
  2 centaur warriors (D:15)
  2 catoblepae (Lair:5)
  5 boulder beetles
  3 two-headed ogres
  A tengu warrior (D:15)
  13 death yaks
  2 orc high priests
  3 demonic crawlers
  Nergalle (Lair:1)
  3 skysharks
  6 skeletal warriors (D:14)
  A pharaoh ant (Spider:1)
  Lodul (D:12)
  3 orb spiders
  2 sun moths
  3 lindwurms
  4 harpies (Lair:3)
  5 wolf spiders
  4 deep elf pyromancers
  3 orc sorcerers
  A necromancer (D:15)
  5 orc knights
  3 manticores
  4 ugly things
  4 cyclopes
  A meliai (D:10)
  4 elephants
  Maurice (D:7)
  4 black mambas
  7 torpor snails
  A centaur zombie (D:15)
  6 slime creatures
  A gargoyle (D:10)
  2 unseen horrors
  A centaur skeleton (D:15)
  18 cane toads
  A kobold demonologist (D:12)
  Maggie (D:6)
  3 rime drakes
  11 komodo dragons
  5 tengu conjurers
  An anaconda simulacrum (IceCv)
  7 trolls
  5 polar bears
  8 tarantellas
  A wolf spider simulacrum (Gauntlet)
  15 blink frogs
  9 hornets
  4 tyrant leeches (Lair:5)
  5 dream sheep (Lair:5)
  Sigmund (D:3)
  5 jumping spiders
  3 centaur simulacra
  7 culicivoras
  3 shadows
  6 wyverns
  A wraith (D:9)
  79 yaks
  5 wargs
  A vampire mosquito (D:10)
  A steam dragon (D:7)
  23 redbacks
  4 basilisks
  Menkaure (D:5)
  2 swamp worms (Gauntlet)
  3 acid dragons
  A harpy simulacrum (Gauntlet)
  Grum (D:10)
  5 hell hounds (D:15)
  12 water moccasins
  Duvessa (D:7)
  A swamp drake (D:9)
  30 orc warriors
  2 black bears (D:4)
  16 ogres
  An ice beast (D:8)
  2 sky beasts (D:6)
  11 wolves
  5 centaurs (D:15)
  A phantom (D:7)
  A weeping skull (Ossuary)
  2 kobold brigands
  15 bullfrogs
  2 gnoll sergeants
  A burial acolyte (Ossuary)
  Dowan (D:7)
  11 wights
  A hornet simulacrum (Gauntlet)
  13 killer bees
  3 howler monkeys
  An electric eel (Lair:5)
  A hound (D:4)
  A human zombie (Ossuary)
  3 bombardier beetles
  11 orc priests
  4 jellies (Gauntlet)
  2 gnoll boudas
  2 iguanas (D:3)
  A sleepcap (D:5)
  27 orc wizards
  A polar bear simulacrum (IceCv)
  5 hell rats (Lair:5)
  2 wolf simulacra (IceCv)
  3 mummies
  23 gnolls
  13 adders
  A white imp (D:7)
  6 ufetubi
  2 dart slugs (D:4)
  2 ribbon worms (D:3)
  80 orcs
  5 bats
  5 endoplasms
  5 giant cockroaches
  5 goblins
  6 hobgoblins
  3 jackals (D:3)
  2 quokkas
  3 ball pythons
  2 frilled lizards (D:1)
  3 gnoll zombies (Ossuary)
  15 kobolds
  2 kobold zombies (Ossuary)
  2 orc zombies (Ossuary)
  5 rats
764 creatures vanquished.

Vanquished Creatures (collateral kills)
  Rupert (D:15)
  A demonic crawler (Spider:2)
  An orc sorcerer (Orc:1)
  A torpor snail (Spider:2)
  A redback (Spider:2)
  An orc warrior (Orc:2)
  An orc priest (Orc:2)
  An orc wizard (Orc:2)
  2 orcs (Orc:2)
10 creatures vanquished.

Grand Total: 774 creatures vanquished

Notes
Turn   | Place    | Note
-------+----------+-------------------------------------------
     0 | D:1      | gimp the Vine Stalker Shapeshifter began the quest for the
                  | Orb.
     0 | D:1      | Reached XP level 1. HP: 9/9 MP: 2/2
    55 | D:1      | Reached skill level 1 in Fighting
   181 | D:1      | Reached XP level 2. HP: 14/14 MP: 3/3
   562 | D:2      | Identified the +9 dagger "Vine Stalker's Bane" {freeze,
                  | rCorr Dex+2}
   827 | D:2      | Reached XP level 3. HP: 18/18 MP: 4/4
  1260 | D:3      | Reached XP level 4. HP: 23/23 MP: 5/5
  1694 | D:3      | Reached skill level 4 in Unarmed Combat
  1708 | D:3      | Found a faded altar of an unknown god.
  1714 | D:3      | Reached XP level 5. HP: 28/28 MP: 6/6
  2099 | D:4      | Noticed a black bear
  2110 | D:4      | Killed a black bear
  2111 | D:4      | Reached XP level 6. HP: 28/34 MP: 4/7
  2148 | D:4      | Noticed Sigmund
  2242 | D:3      | Killed Sigmund
  2243 | D:3      | Reached skill level 5 in Fighting
  2243 | D:3      | Reached skill level 5 in Unarmed Combat
  2243 | D:3      | Reached XP level 7. HP: 39/39 MP: 8/8
  2286 | D:4      | Found a sand-covered staircase.
  2295 | Ossuary  | Entered an ossuary
  2331 | Ossuary  | Reached skill level 6 in Unarmed Combat
  2607 | D:4      | Found a staircase to the Ecumenical Temple.
  2620 | Temple   | Entered the Ecumenical Temple
  2627 | Temple   | Became a worshipper of Trog the Wrathful
  2741 | D:4      | Gained mutation: You have razor-sharp teeth. [Vine Stalker
                  | growth]
  2741 | D:4      | Reached XP level 8. HP: 38/43 MP: 9/9
  2842 | D:4      | Found Qitadd's Magic Scroll Shop.
  2850 | D:4      | Bought a scroll of fear for 56 gold pieces
  2850 | D:4      | Bought a scroll of teleportation for 42 gold pieces
  2850 | D:4      | Bought a scroll of identify for 28 gold pieces
  2973 | D:4      | Reached skill level 7 in Unarmed Combat
  3201 | D:5      | Entered Level 5 of the Dungeon
  3241 | D:5      | Noticed Menkaure
  3247 | D:5      | Killed Menkaure
  3356 | D:5      | Found a runed translucent gate.
  3356 | D:5      | Noticed zenocrate's ghost (weakling VSDe)
  3357 | D:5      | Found a runed translucent gate.
  3604 | D:5      | Found a runed translucent gate.
  3623 | D:5      | Reached skill level 8 in Unarmed Combat
  3636 | D:5      | Found Vunap's Assorted Antiques.
  3644 | D:5      | Bought a scroll labelled ZIUDDEO EREO for 24 gold pieces
  3644 | D:5      | Bought a scroll of identify for 48 gold pieces
  3702 | D:5      | Reached * piety under Trog
  3991 | D:6      | Noticed Maggie
  4000 | D:6      | Killed Maggie
  4001 | D:6      | Reached skill level 9 in Unarmed Combat
  4001 | D:6      | Reached XP level 9. HP: 15/47 MP: 5/10
  4858 | D:7      | Found Micurum's Weapon Shop.
  5073 | D:7      | Reached skill level 5 in Shapeshifting
  5173 | D:7      | Noticed Maurice
  5175 | D:7      | Found a hazy altar of Hepliaklqana.
  5209 | D:7      | Maurice stole a flux talisman
  5210 | D:7      | Killed Maurice
  5211 | D:7      | Reached skill level 10 in Unarmed Combat
  5257 | D:7      | Found an iron altar of Okawaru.
  5259 | D:7      | Found a hide-covered altar of Uskayaw.
  5259 | D:7      | Found a blossoming altar of Fedhas.
  5259 | D:7      | Found an ornate altar of the Wu Jian Council.
  5343 | D:7      | Reached ** piety under Trog
  5344 | D:7      | Reached XP level 10. HP: 41/51 MP: 8/11
  5396 | D:7      | Noticed Duvessa
  5396 | D:7      | Noticed Dowan
  5403 | D:7      | Killed Duvessa
  5405 | D:7      | Killed Dowan
  5827 | D:8      | Found a staircase to the Lair.
  5995 | D:8      | Found a glowing golden altar of the Shining One.
  5996 | D:8      | Found a glowing silver altar of Zin.
  6229 | D:9      | Found a sacrificial altar of Ru.
  6252 | D:9      | Killed an unseen horror
  6386 | D:9      | Reached skill level 11 in Unarmed Combat
  6739 | D:9      | Reached *** piety under Trog
  6875 | D:9      | Found a staircase to the Orcish Mines.
  7016 | D:10     | Entered Level 10 of the Dungeon
  7083 | D:10     | Reached XP level 11. HP: 52/55 MP: 12/12
  7117 | D:10     | Noticed Grum
  7122 | D:10     | Killed Grum
  7123 | D:10     | Reached skill level 5 in Dodging
  7134 | D:10     | Found a white marble altar of Elyvilon.
  7278 | D:10     | Found a basalt altar of Yredelemnul.
  7358 | D:10     | Reached **** piety under Trog
  7391 | D:10     | Reached skill level 12 in Unarmed Combat
  7522 | D:10     | Noticed a boulder beetle
  7570 | D:10     | Noticed a two-headed ogre
  7579 | D:10     | Killed a two-headed ogre
  7612 | D:10     | Killed a boulder beetle
  7931 | D:11     | Found a portal to a secret trove of treasure.
  7950 | Trove    | Entered a treasure trove
  8028 | D:11     | Noticed a cyclops
  8053 | D:11     | Killed a cyclops
  8128 | D:11     | Noticed a purple ugly thing
  8128 | D:11     | Noticed a brown ugly thing
  8135 | D:11     | Killed a purple ugly thing
  8154 | D:11     | Killed a green ugly thing
  8155 | D:11     | Reached skill level 13 in Unarmed Combat
  8158 | D:11     | Noticed a boulder beetle
  8198 | D:11     | Reached XP level 12. HP: 23/60 MP: 7/13
  8210 | D:11     | Killed a boulder beetle
  8695 | Lair:1   | Entered Level 1 of the Lair of Beasts
  8778 | Lair:1   | Found a frozen archway.
  8794 | IceCv    | Entered an ice cave
  8870 | IceCv    | Found a transporter.
  8878 | IceCv    | Found a transporter.
  8904 | Lair:1   | Reached skill level 14 in Unarmed Combat
  8929 | Lair:1   | Noticed Nergalle
  8929 | Lair:1   | Noticed a death yak
  8940 | Lair:1   | Noticed a death yak
  8942 | Lair:1   | Killed Nergalle
  8944 | Lair:1   | Noticed a death yak
  8946 | Lair:1   | Noticed a death yak
  8948 | Lair:1   | Killed a death yak
  8950 | Lair:1   | Noticed a death yak
  9360 | Lair:1   | Killed a death yak
  9365 | Lair:1   | Killed a death yak
  9371 | Lair:1   | Killed a death yak
  9422 | Lair:1   | Killed a death yak
  9465 | Lair:2   | Noticed a skyshark
  9541 | Lair:2   | Reached skill level 10 in Shapeshifting
  9541 | Lair:2   | Reached XP level 13. HP: 63/63 MP: 12/14
  9578 | Lair:2   | Reached skill level 15 in Unarmed Combat
 10105 | Lair:2   | Identified a scroll of acquirement
 10105 | Lair:2   | Acquired 508 gold pieces
 10126 | Lair:2   | Found a hole to the Spider Nest.
 10202 | Lair:2   | Reached skill level 10 in Dodging
 10569 | Lair:3   | Found a staircase to the Shoals.
 10797 | Lair:3   | Reached skill level 16 in Unarmed Combat
 11746 | Lair:4   | Reached XP level 14. HP: 68/68 MP: 15/15
 11791 | Lair:4   | Found a gate leading to a gauntlet.
 11800 | Gauntlet | Entered a Gauntlet
 11800 | Gauntlet | Found a transporter.
 11807 | Gauntlet | Found a transporter.
 11810 | Gauntlet | Found a transporter.
 11811 | Gauntlet | Found a transporter.
 11819 | Gauntlet | Found a transporter.
 11822 | Gauntlet | Found a transporter.
 11823 | Gauntlet | Found a transporter.
 11831 | Gauntlet | Found a transporter.
 11834 | Gauntlet | Found a transporter.
 11835 | Gauntlet | Found a transporter.
 11841 | Gauntlet | Noticed a dire elephant
 11846 | Gauntlet | Found a transporter.
 11846 | Gauntlet | Found a transporter.
 11847 | Gauntlet | Found a transporter.
 11853 | Gauntlet | Found a runed translucent gate.
 11853 | Gauntlet | Found a runed translucent gate.
 11853 | Gauntlet | Found a runed translucent gate.
 11855 | Gauntlet | Found a transporter.
 12048 | Gauntlet | Identified the +1 helmet of Activism {rF++ Stlth+}
 12091 | Gauntlet | Identified the ring of the Taurataur {AC+4 Stlth+}
 12182 | Gauntlet | Found the +3 hat of Pondering {ponderous, Will+ MP+10
                  | Int+5}
 12354 | Lair:4   | Found a runed translucent gate.
 12779 | Lair:4   | Found a viscous altar of Jiyva.
 12779 | Lair:4   | Found a staircase to the Slime Pits.
 12883 | Lair:4   | Found a runed translucent gate.
 12884 | Lair:4   | Found a runed translucent gate.
 12964 | Lair:4   | Noticed Ogoshehu's ghost (journeyman FeEE)
 13011 | Lair:5   | Entered Level 5 of the Lair of Beasts
 13123 | Lair:5   | Found a hide-covered altar of Uskayaw.
 13804 | Lair:5   | Found a runed translucent gate.
 13804 | Lair:5   | Found a runed translucent gate.
 13804 | Lair:5   | Found a runed translucent gate.
 13806 | Lair:5   | Noticed Puly's ghost (journeyman MDRe)
 13818 | Lair:5   | Identified the +0 whip of the Freezing Shark {freeze, Dex+4
                  | Stlth+}
 14226 | Lair:5   | Reached XP level 15. HP: 79/79 MP: 16/16
 14751 | Orc:1    | Entered Level 1 of the Orcish Mines
 14880 | Orc:1    | Reached ***** piety under Trog
 14885 | Orc:1    | Found a roughly hewn altar of Beogh.
 15009 | Orc:2    | Entered Level 2 of the Orcish Mines
 15010 | Orc:2    | Found Datech's Antique Armour Shop.
 15010 | Orc:2    | Found a staircase to the Elven Halls.
 15010 | Orc:2    | Noticed an orc warlord
 15160 | D:11     | Identified the +1 hand axe "Wafrot" {drain, rN++ SInv}
 15491 | D:12     | Reached skill level 10 in Fighting
 15705 | D:12     | Noticed Lodul
 15748 | D:12     | Killed Lodul
 16303 | D:13     | Found a gate to the Vaults.
 17329 | D:14     | Found Wutegredgh's Weapon Boutique.
 17634 | D:14     | Found a snail-covered altar of Cheibriados.
 17829 | D:15     | Entered Level 15 of the Dungeon
 18598 | D:15     | Found a staircase to the Depths.
 18657 | D:15     | Noticed Rupert
 18672 | D:15     | Killed Rupert
 18673 | D:15     | Reached XP level 16. HP: 87/87 MP: 17/17
 18749 | D:15     | Noticed Azrael
 18761 | D:15     | Killed Azrael
 19031 | D:15     | Found a transporter.
 19033 | D:15     | Found Neethrok's Antique Armour Shop.
 19035 | D:15     | Found a transporter.
 19077 | D:15     | Noticed Jorgrun
 19091 | D:15     | Killed Jorgrun
 19636 | Orc:2    | Reached skill level 15 in Shapeshifting
 19680 | Orc:2    | Found Piehuwim's Jewellery Boutique.
 19704 | Orc:2    | Identified the +9 quick blade of Defiance {flame, rF+++
                  | Will+ Int-2 Dex-5} (Trog gifted it to you on level 2 of the
                  | Orcish Mines)
 19704 | Orc:2    | Received a gift from Trog
 19749 | Orc:2    | Found Cok Fyj's Antique Weapon Shoppe.
 19987 | Orc:2    | Found Vegime's General Store.
 20017 | Orc:2    | Found Leokoill's Antique Weapon Shoppe.
 20143 | Orc:2    | Found a roughly hewn altar of Beogh.
 20249 | Orc:1    | Noticed Snorg
 20259 | Orc:2    | Killed Snorg
 20607 | D:5      | Bought a scroll of teleportation for 72 gold pieces
 20607 | D:5      | Bought a tin of tremorstones (2/2) for 960 gold pieces
 20788 | Lair:4   | Killed Ogoshehu's ghost
 21002 | Spider:1 | Entered Level 1 of the Spider Nest
 21642 | Spider:1 | You fall into a shaft and drop 1 floor!
 21664 | Spider:2 | Received a gift from Trog
 21733 | Spider:1 | HP: 2/87 [poisoned by a redback]
 21733 | Spider:1 | Slain by a spark wasp

Illustrated notes

Levels and vault maps discovered:
D:1:      scummos_arrival_hexagon, layout_loops_ring, grunt_decor_one_mirror
D:2:      layout_loops_ring
D:3:      layout_basic, basic_ecumenical_altar, minmay_checkerbox
D:4:      layout_loops_ring, minmay_temple_entry_tees,
          gup_ossuary_entry_pyramid, serial_shops, shop, uniq_sigmund
D:5:      layout_loops_cross, serial_shops, shop, ebering_ghost_rock_garden,
          uniq_menkaure
D:6:      layout_loops_corners, uniq_maggie
D:7:      layout_basic, minitemple, serial_shops,
          nicolae_shop_bloodbath_and_beyond, chequers_serial_rivers_large_a,
          uniq_duvessa, uniq_maurice
D:8:      layout_rooms, gammafunk_temple_overflow_statue, lair_entry_dummy
D:9:      layout_rooms, mainiacjoe_overflow_alcove_1, erik_orc_1, nicolae_wwwww
D:10:     layout_irregular_city, kennysheep_ying_yang, serial_bayou_pond_d,
          chequers_serial_rivers_micro_b, grunt_tough_drop, uniq_grum
D:11:     layout_rooms, enter_trove_2, kennysheep_generic_room_10
D:12:     argonaut_augean_stables, layout_rooms, nicolae_figureground_pulse,
          uniq_lodul
D:13:     layout_long_grid, erik_vaults_2, nicolae_elevator_lobby_asterisk
D:14:     layout_gridville, cheibriados_altar_1, serial_shops,
          nicolae_shop_just_a_little_nook
D:15:     grunt_enter_depths_magical_seal, layout_basic, serial_shops,
          nicolae_shop_drivethru, serial_corexii_hall, corexii_hall_statues_x,
          chequers_hall_statues_wall_a, uniq_rupert, uniq_azrael, uniq_jorgrun
Temple:   nicolae_temple_x_marks_the_god
Lair:1:   layout_roguey, portal_ice_cave_entry_pillars_1, grunt_megastairs_4,
          uniq_nergalle
Lair:2:   minmay_lair_venomous_thicket, layout_regular_city, spider_nest_entry_a
Lair:3:   layout_regular_city, nicolae_shoals_entry_roost
Lair:4:   nzn_winding_woodlands_medium [nzn_winding_woodlands_5x5_default,
          nzn_winding_woodlands_5x15_parted,
          nzn_winding_woodlands_5x5_open_star,
          nzn_winding_woodlands_5x5_closed_star,
          nzn_winding_woodlands_center_diamonds,
          nzn_winding_woodlands_5x5_three, nzn_winding_woodlands_5x5_default,
          nzn_winding_woodlands_5x15_default,
          nzn_winding_woodlands_5x5_default], layout_regular_city,
          dpeg_slime_entry_enclosed, gauntlet_entry_generic,
          maelrawn_ghost_gauntlet_escape
Lair:5:   wormcave, layout_concentric_octagons, basic_altar,
          gammafunk_ghost_hydra_chop, lookout_lair_type,
          chequers_serial_rivers_micro_d, serial_bayou_shore_a,
          infiniplex_staircase_pool
Spider:1: layout_spider_delve, nicolae_spider_circle_web
Spider:2: layout_spider_delve
Orc:1:    layout_caves, basic_altar, uniq_snorg
Orc:2:    grunt_orc_gardens, layout_caves, grunt_orc_garden, grunt_orc_garden,
          grunt_orc_garden, grunt_orc_garden, serial_shops, nicolae_square_shop,
          minmay_orc_temple_a

Skill      XL: |  1  2  3  4  5  6  7  8  9 10 11 12 13 14 15 16 |
---------------+-------------------------------------------------+-----
Fighting       | 1 2 3 4 5 9 11 | 11.0
Unarmed Combat | 4 5 6 9 10 11 13 14 16 | 16.3
Dodging        | 2 4 7 9 11 12 | 12.9
Shapeshifting  | 6 9 10 12 14 15 | 15.7

Action                     |  1- 3 |  4- 6 |  7- 9 | 10-12 | 13-15 | 16-18 || total
---------------------------+-------+-------+-------+-------+-------+-------++-------
  Melee: Unarmed           |    63 |    69 |   194 |   487 |   886 |   398 ||  2097
         Bite              |    11 |    18 |    61 |   159 |    11 |   125 ||   385
         Punch             |       |     3 |     9 |     8 |     2 |    26 ||    48
         Constrict         |       |       |       |    32 |   209 |    15 ||   256
         Maw               |       |       |       |       |       |    40 ||    40
  Throw: Dart              |       |       |     2 |       |       |       ||     2
 Invoke: Berserk           |       |       |     2 |     8 |    20 |    13 ||    43
         Trog's Hand       |       |       |       |     1 |     2 |     2 ||     5
         Brothers in Arms  |       |       |       |       |     2 |     4 ||     6
  Evoke: Wand              |       |       |       |     2 |     2 |     5 ||     9
         Lightning rod     |       |       |       |       |       |     4 ||     4
         Tin of tremorston |       |       |       |       |       |     1 ||     1
    Use: Scroll            |       |     2 |     6 |    11 |     9 |     9 ||    37
         Potion            |       |     1 |       |       |     1 |     4 ||     6
   Stab: Sleeping          |     1 |     1 |     2 |       |       |       ||     4
         Distracted        |       |       |       |       |     2 |     2 ||     4
 Armour: Animal skin       |    31 |    20 |    31 |       |       |       ||    82
         Skin              |       |     9 |       |    91 |   404 |   295 ||   799
         Steam dragon scal |       |       |    26 |    59 |       |       ||    85
  Dodge: Dodged            |    29 |    36 |   133 |   311 |   632 |   373 ||  1514
  Block: Other             |       |       |       |       |       |    39 ||    39
         Form:             |       |       |     1 |       |     1 |       ||     2
         Beast             |       |       |     1 |       |       |       ||     1
         Flux              |       |       |       |     1 |     1 |     1 ||     3
         Serpent           |       |       |       |     1 |     2 |       ||     3
         Maw               |       |       |       |       |       |     1 ||     1

Table legend: (Time is in decaauts)
 A = Elapsed time spent in this place.
 B = Non-inter-level travel time spent in this place.
 C = Inter-level travel time spent in this place.
 D = Time resting spent in this place.
 E = Time spent auto-exploring this place.
 F = Levels seen in this place.
 G = Mean time per level.
                   A        B        C        D        E       F      G
               +--------+--------+--------+--------+--------+-----+--------+
         Total |  21656 |  19972 |   1684 |   1306 |  13512 |  29 |  746.8 |
       Dungeon |  12982 |  12007 |    975 |    543 |   9055 |  15 |  865.5 |
        Temple |     14 |      8 |      6 |      0 |      0 |   1 |   14.0 |
          Lair |   5991 |   5365 |    626 |    411 |   3483 |   5 | 1198.2 |
   Spider Nest |    443 |    443 |      0 |     37 |    173 |   2 |  221.5 |
  Orcish Mines |   1376 |   1300 |     76 |     77 |    672 |   2 |  688.0 |
         Trove |     60 |     60 |      0 |      0 |      0 |   1 |   60.0 |
       Ossuary |    204 |    204 |      0 |     24 |     87 |   1 |  204.0 |
      Ice Cave |    111 |    111 |      0 |     42 |     30 |   1 |  111.0 |
      Gauntlet |    471 |    471 |      0 |    171 |     12 |   1 |  471.0 |
               +--------+--------+--------+--------+--------+-----+--------+

Top non-repeatable levels by time:
  Lair:5: 1567 daAuts
  Lair:2: 1498 daAuts
    D:15: 1385 daAuts
  Lair:4: 1164 daAuts
     D:9: 1142 daAuts
     D:3: 1027 daAuts
  Lair:3: 1004 daAuts
    D:14: 996 daAuts
    D:10: 971 daAuts
     D:6: 958 daAuts
    D:13: 891 daAuts
     D:7: 858 daAuts
     D:5: 819 daAuts
     D:4: 802 daAuts
   Orc:2: 787 daAuts
